 Dungeon Crawl Stone Soup version 0.29.1-15-g9cfb28693d (webtiles) character file.

Game seed: 17304036672834437606

45 ThatPearl the Trooper (level 3, -1/45 HPs)
             Began as a Demonspawn Berserker on Mar 8, 2023.
             Was a Believer of Trog.
             Slain by a gnoll
             ... wielding a +0 spear
              (6 damage)
             ... on level 2 of the Dungeon.
             The game lasted 00:01:25 (1173 turns).

ThatPearl the Trooper (Demonspawn Berserker)        Turns: 1173, Time: 00:01:25

Health: -1/45      AC:  5    Str: 25    XL:     3   Next: 42%
Magic:  3/3        EV: 11    Int:  8    God:    Trog [**....]
Gold:   59         SH:  0    Dex: 12    Spells: 2/2 levels left

rFire   . . .      SeeInvis .   a - +0 hand axe
rCold   . . .      Faith    .   (no shield)
rNeg    . . .      Spirit   .   h - +0 ring mail
rPois   .          Reflect  .   (no helmet)
rElec   .          Harm     .   (no cloak)
rCorr   .          Rampage  .   (no gloves)
Will    .....                   (no boots)
Stlth   ..........              (no amulet)
HPRegen 0.15/turn               c - +6 ring of strength
MPRegen 0.16/turn               (no ring)

@: berserking, very quick
A: claws 1, magic regeneration
a: Renounce Religion, Berserk, Trog's Hand


You were on level 2 of the Dungeon.
You worshipped Trog.
Trog was pleased with you.
You visited 1 branch of the dungeon, and saw 2 of its levels.

You collected 59 gold pieces.

Inventory:

Hand Weapons
 a - a +0 hand axe (weapon)
Armour
 h - a +0 ring mail (worn)
Jewellery
 c - a +6 ring of strength (left claw)
Scrolls
 d - 2 scrolls of identify {unknown}
 e - a scroll of summoning {unknown}
 f - a scroll of magic mapping {unknown}
Potions
 b - a potion of haste {unknown}
 g - a potion of flight {unknown}


   Skills:
 + Level 3.8 Fighting
 + Level 3.4 Axes
 - Level 1.7 Armour
 - Level 1.7 Dodging


You had 2 spell levels left.
You didn't know any spells.
Your spell library was empty.

Dungeon Overview and Level Annotations

Branches:
Dungeon (2/15)

Altars:


Innate Abilities, Weirdness & Mutations

You have sharp fingernails.
You regenerate magic rapidly.


Message History

You are poisoned.
A quokka comes into view.
Unknown command.
A gnoll comes into view. It is wielding a +0 spear.
You feel sick.
The gnoll shouts!
The gnoll closely misses you.
You feel sick.
A bat comes into view.
The hobgoblin hits you. The gnoll hits you with a +0 spear.
The gnoll misses you.
You hit the hobgoblin.
The hobgoblin is almost dead.
You barely miss the gnoll. You hit the gnoll.
You feel sick. The hobgoblin barely misses you. The gnoll closely misses you.
You hit the hobgoblin.
You kill the hobgoblin!
Trog accepts your kill.
You completely miss the gnoll. You hit the gnoll.
You feel sick. The gnoll hits you with a +0 spear.
The gnoll hits you from afar with a +0 spear.
The quokka bites you.
A red film seems to cover your vision as you go berserk!
You feel yourself moving faster!
You feel mighty!
You feel sick.
You are no longer poisoned.
The gnoll hits you from afar with a +0 spear.
The gnoll closely misses you.
The quokka bites you but does no damage.
You closely miss the quokka. You barely miss the gnoll. You slash the gnoll!
You kill the gnoll!
Trog accepts your kill. The gnoll closely misses you.
The gnoll hits you from afar with a +0 spear.
* * * LOW HITPOINT WARNING * * *
The quokka closely misses you.
You barely miss the gnoll. You closely miss the quokka. You slash the gnoll!
The gnoll hits you with a +0 whip!
* * * LOW HITPOINT WARNING * * *
The gnoll hits you with a +0 spear.
You die...

#.......#.###.#.#.#.####.
#.......#.#.......#.#....
#..####.#.#...#.###.#.###
#..# #.#.#..............
#..# #.#.#......##.#.##.
#..# #.#.#.####>####.#
#... #.#.#. .. ..# ####
#.#.# .. ... #g@)# ##..
##grg.# #.## ##bS.# #..
...# ...'. ...#.. ...##..
...# #.


You could see 3 gnolls, an adder, a quokka and a bat.

Vanquished Creatures
  A gnoll (D:2)
  An adder (D:2)
  2 bats (D:1)
  3 endoplasms
  4 giant cockroaches (D:1)
  4 goblins
  2 hobgoblins
  A quokka (D:2)
  2 ball pythons (D:1)
  A frilled lizard (D:2)
  4 kobolds
25 creatures vanquished.

Notes
Turn   | Place    | Note
-------+----------+-------------------------------------------
     0 | D:1      | ThatPearl the Demonspawn Berserker began the quest for the
                  | Orb.
     0 | D:1      | Reached XP level 1. HP: 18/18 MP: 1/1
   155 | D:1      | Gained mutation: You regenerate magic rapidly. [demonic
                  | ancestry]
   155 | D:1      | Reached XP level 2. HP: 20/24 MP: 2/2
  1078 | D:2      | Reached ** piety under Trog
  1107 | D:2      | Discovered your monstrous ancestry.
  1107 | D:2      | Gained mutation: You have sharp fingernails. [demonic
                  | ancestry]
  1107 | D:2      | Reached XP level 3. HP: 25/30 MP: 3/3
  1173 | D:2      | Slain by a gnoll

Illustrated notes

Levels and vault maps discovered:
D:1:      amcnicky_arrival_single_pillar, layout_rooms
D:2:      kennysheep_six_static_rooms, layout_basic,
          chequers_ecumenical_altar_simple_redux, minivault_11

Skill      XL: |  1 |
---------------+----+-----
Axes           | 3 |  3.4
Fighting       | |  3.8
Armour         | |  1.7
Dodging        | |  1.7

Action                   || total
-------------------------++-------
Melee: Hand axe          ||    84
Invok: Berserk           ||     1
Armor: Animal skin       ||    21
       Ring mail         ||    10
Dodge: Dodged            ||    54
